| TOP OF THE 1ST |
|
Trois-Riveres Aigles batting - Pitching for Winnipeg Goldeyes : RHP Chad Brock
|
|
Pitching: RHP Chad Brock
|
|
|
Batting: LHB Jonathan Spino
|
0-0: Fly out, F7 (Flyball, 7D, EV 89.4 MPH)
|
|
Batting: LHB Harris Vink
|
0-0: Foul Ball, location: 2F 0-1: Ball 1-1: Ball 2-1: Ball 3-1: Base on Balls
|
|
Batting: RHB Jose Arriola
|
0-0: Foul Ball, location: 2F 0-1: Ground out 5-3 (Groundball, 56S, EV 67.5 MPH) Harris Vink to second
|
|
Batting: LHB Darryl Gonnella
|
0-0: Called Strike 0-1: Ball 1-1: DOUBLE (Groundball, 3L, EV 106.2 MPH) Harris Vink scores
|
|
Batting: RHB Sesto Carpini
|
0-0: Ball 1-0: Called Strike 1-1: Swinging Strike 1-2: Foul Ball, location: 2F 1-2: Ground out 6-3 (Groundball, 6MD, EV 90.0 MPH)
|
| Top of the 1st over - 1 run, 1 hit, 0 errors, 1 left on base; Trois-Riveres 1 - Winnipeg 0 |
| BOTTOM OF THE 1ST |
|
Winnipeg Goldeyes batting - Pitching for Trois-Riveres Aigles : RHP Julian Black
|
|
Pitching: RHP Julian Black
|
|
|
Batting: RHB John Dew
|
0-0: Called Strike 0-1: Called Strike 0-2: Fly out, F9 (Flyball, 9, EV 93.8 MPH)
|
|
Batting: RHB David McClellan
|
0-0: Ball 1-0: Called Strike 1-1: Swinging Strike 1-2: Strikes out swinging
|
|
Batting: SHB Ian Thompson
|
0-0: Ball 1-0: Foul Ball, location: 2F 1-1: Ball 2-1: Ball 3-1: Base on Balls
|
|
Batting: LHB Marvin Shepherd
|
0-0: Ball 1-0: Ball 2-0: Swinging Strike 2-1: Foul Ball, location: 2F 2-2: Strikes out looking
|
| Bottom of the 1st over - 0 runs, 0 hits, 0 errors, 1 left on base; Trois-Riveres 1 - Winnipeg 0 |
| TOP OF THE 2ND |
|
Trois-Riveres Aigles batting - Pitching for Winnipeg Goldeyes : RHP Chad Brock
|
|
Batting: SHB Joshua Jackson
|
0-0: Ball 1-0: Ball 2-0: Ball 3-0: Base on Balls
|
|
Batting: RHB Nelle Lommen
|
0-0: Called Strike 0-1: DOUBLE (Flyball, 8RD, EV 86.2 MPH) Joshua Jackson to third Runner from 3rd tries for Home, SAFE, no throw by CF
|
|
Batting: RHB Jason Penfield
|
0-0: Ball 1-0: Fly out, F8 (Flyball, 8LXD, EV 86.9 MPH) Runner from 2nd tags up, SAFE at 3rd, no throw by CF
|
|
Batting: RHB Josh Harmon
|
0-0: Ball 1-0: Ball 2-0: Called Strike 2-1: DOUBLE (Line Drive, 9LM, EV 113.8 MPH) Nelle Lommen scores
|
|
Batting: LHB Jonathan Spino
|
0-0: Ball 1-0: Ball 2-0: Foul Ball, location: 2F 2-1: Ball 3-1: Fly out, F7 (Flyball, 78XD, EV 100.0 MPH) Runner from 2nd tags up, SAFE at 3rd, no throw by LF
|
|
Batting: LHB Harris Vink
|
0-0: Ball 1-0: Swinging Strike 1-1: Ball 2-1: Swinging Strike 2-2: Foul Ball, location: 2F 2-2: Strikes out swinging
|
| Top of the 2nd over - 2 runs, 2 hits, 0 errors, 1 left on base; Trois-Riveres 3 - Winnipeg 0 |
| BOTTOM OF THE 2ND |
|
Winnipeg Goldeyes batting - Pitching for Trois-Riveres Aigles : RHP Julian Black
|
|
Batting: LHB Kuemon Shishido
|
0-0: Ball 1-0: Foul Ball, location: 2F 1-1: Swinging Strike 1-2: Foul Ball, location: 2F 1-2: SINGLE (Line Drive, 56D, EV 110.6 MPH)
|
|
Batting: RHB Jeremy Witt
|
0-0: Called Strike 0-1: SINGLE (Groundball, 4MD, EV 96.9 MPH) Kuemon Shishido to second
|
|
Batting: RHB Antonio Santos
|
0-0: Ball 1-0: SINGLE (Line Drive, 34D, EV 100.0 MPH) Kuemon Shishido to third Jeremy Witt to second
|
|
Batting: RHB Ton van Dijk
|
0-0: Swinging Strike 0-1: Ball 1-1: DOUBLE (Line Drive, 8RD, EV 108.1 MPH) Kuemon Shishido scores Jeremy Witt scores Antonio Santos to third
|
|
Batting: RHB Ricky Pizarro
|
0-0: Ball 1-0: Ground out 5-3 (Groundball, 56S, EV 63.8 MPH) Antonio Santos scores Ton van Dijk to third
|
|
Batting: RHB John Dew
|
0-0: Swinging Strike 0-1: Foul Ball, location: 2F 0-2: Strikes out swinging
|
|
Batting: RHB David McClellan
|
0-0: Ball 1-0: Called Strike 1-1: Ground out 6-3 (Groundball, 6, EV 98.1 MPH)
|
| Bottom of the 2nd over - 3 runs, 4 hits, 0 errors, 1 left on base; Trois-Riveres 3 - Winnipeg 3 |
| TOP OF THE 3RD |
|
Trois-Riveres Aigles batting - Pitching for Winnipeg Goldeyes : RHP Chad Brock
|
|
Batting: RHB Jose Arriola
|
0-0: Ball 1-0: Ground out 6-3 (Groundball, 6S, EV 85.6 MPH)
|
|
Batting: LHB Darryl Gonnella
|
0-0: Ball 1-0: Called Strike 1-1: Foul Ball, location: 2F 1-2: Ground out U3 (Groundball, 3L, EV 106.2 MPH)
|
|
Batting: RHB Sesto Carpini
|
0-0: Called Strike 0-1: Ball 1-1: Ball 2-1: DOUBLE (Flyball, 78XD, EV 103.1 MPH)
|
|
Batting: SHB Joshua Jackson
|
0-0: Ball Wild Pitch! Sesto Carpini to third 1-0: SINGLE (Line Drive, 6MD, EV 98.1 MPH) Sesto Carpini scores
|
|
Batting: RHB Nelle Lommen
|
0-0: Called Strike 0-1: SINGLE (Flyball, 78S, EV 90.0 MPH) Joshua Jackson to second Runner from 2nd tries for 3rd, SAFE, throw by LF made to third
|
|
Batting: RHB Jason Penfield
|
0-0: Called Strike 0-1: Ball 1-1: SINGLE (Line Drive, 9S, EV 89.4 MPH) Joshua Jackson scores Nelle Lommen to second Runner from 2nd tries for 3rd, OUT! 9-5
|
| Top of the 3rd over - 2 runs, 4 hits, 0 errors, 1 left on base; Trois-Riveres 5 - Winnipeg 3 |
| BOTTOM OF THE 3RD |
|
Winnipeg Goldeyes batting - Pitching for Trois-Riveres Aigles : RHP Julian Black
|
|
Batting: SHB Ian Thompson
|
0-0: Called Strike 0-1: Ball 1-1: Ball 2-1: Ball 3-1: Called Strike 3-2: Base on Balls
|
|
Batting: LHB Marvin Shepherd
|
0-0: Called Strike 0-1: Ball 1-1: Called Strike 1-2: Foul Ball, location: 2F 1-2: Ball 2-2: Ball 3-2: Fly out, F9 (Flyball, 9D, EV 98.1 MPH)
|
|
Batting: LHB Kuemon Shishido
|
0-0: Ball Ian Thompson is caught stealing 2nd base 2-6 1-0: Foul Ball, location: 2F 1-1: Ball 2-1: Ball 3-1: Fly out, F7 (Line Drive, 7, EV 106.2 MPH)
|
| Bottom of the 3rd over - 0 runs, 0 hits, 0 errors, 0 left on base; Trois-Riveres 5 - Winnipeg 3 |
| TOP OF THE 4TH |
|
Trois-Riveres Aigles batting - Pitching for Winnipeg Goldeyes : RHP Chad Brock
|
|
Batting: RHB Josh Harmon
|
0-0: Ball 1-0: Ground out 6-3 (Groundball, 4MD, EV 108.1 MPH)
|
|
Batting: LHB Jonathan Spino
|
0-0: Ball 1-0: Foul Ball, location: 2F 1-1: Foul Ball, location: 2F 1-2: Strikes out swinging
|
|
Batting: LHB Harris Vink
|
0-0: Called Strike 0-1: Ball 1-1: Swinging Strike 1-2: Strikes out swinging
|
| Top of the 4th over - 0 runs, 0 hits, 0 errors, 0 left on base; Trois-Riveres 5 - Winnipeg 3 |
| BOTTOM OF THE 4TH |
|
Winnipeg Goldeyes batting - Pitching for Trois-Riveres Aigles : RHP Julian Black
|
|
Batting: RHB Jeremy Witt
|
0-0: Ball 1-0: Ball 2-0: Ball 3-0: Foul Ball, location: 2F 3-1: Called Strike 3-2: DOUBLE (Line Drive, 9LM, EV 98.1 MPH)
|
|
Batting: RHB Antonio Santos
|
0-0: Ball 1-0: Foul Ball, location: 2F 1-1: Ground out 6-3 (Groundball, 6, EV 81.9 MPH)
|
|
Batting: RHB Ton van Dijk
|
0-0: Ball 1-0: Called Strike 1-1: Fly out, F7 (Flyball, 78M, EV 72.5 MPH)
|
|
Batting: RHB Ricky Pizarro
|
0-0: Called Strike 0-1: Ball 1-1: Swinging Strike 1-2: Fly out, F7 (Flyball, 78XD, EV 91.2 MPH)
|
| Bottom of the 4th over - 0 runs, 1 hit, 0 errors, 1 left on base; Trois-Riveres 5 - Winnipeg 3 |
| TOP OF THE 5TH |
|
Trois-Riveres Aigles batting - Pitching for Winnipeg Goldeyes : RHP Chad Brock
|
|
Batting: RHB Jose Arriola
|
0-0: Fly out, F7 (Flyball, 7LD, EV 102.5 MPH)
|
|
Batting: LHB Darryl Gonnella
|
0-0: Ball 1-0: Ball 2-0: Ball 3-0: Ground out 4-3 (Groundball, 34D, EV 85.6 MPH)
|
|
Batting: RHB Sesto Carpini
|
0-0: Ball 1-0: Foul Ball, location: 2F 1-1: Ball 2-1: Ground out 3-1 (Groundball, 34, EV 92.5 MPH)
|
| Top of the 5th over - 0 runs, 0 hits, 0 errors, 0 left on base; Trois-Riveres 5 - Winnipeg 3 |
| BOTTOM OF THE 5TH |
|
Winnipeg Goldeyes batting - Pitching for Trois-Riveres Aigles : RHP Julian Black
|
|
Batting: RHB John Dew
|
0-0: Ground out 6-3 (Groundball, 6MS, EV 86.2 MPH)
|
|
Batting: RHB David McClellan
|
0-0: Called Strike 0-1: Called Strike 0-2: Ball 1-2: Foul Ball, location: 2F 1-2: Fly out, F7 (Flyball, 78S, EV 93.1 MPH)
|
|
Batting: SHB Ian Thompson
|
0-0: Ball 1-0: Ball 2-0: Ball 3-0: Base on Balls
|
|
Batting: LHB Marvin Shepherd
|
0-0: Ball 1-0: Foul Ball, location: 2F 1-1: Fly out, F6 (Popup, 6S, EV 76.9 MPH)
|
| Bottom of the 5th over - 0 runs, 0 hits, 0 errors, 1 left on base; Trois-Riveres 5 - Winnipeg 3 |
| TOP OF THE 6TH |
|
Trois-Riveres Aigles batting - Pitching for Winnipeg Goldeyes : RHP Chad Brock
|
|
Batting: SHB Joshua Jackson
|
0-0: Called Strike 0-1: Called Strike 0-2: Ball 1-2: Strikes out swinging
|
|
Pitching: LHP Kevin Drew
|
|
|
Batting: RHB Nelle Lommen
|
0-0: Ground out 3-1 (Groundball, 34S, EV 66.9 MPH)
|
|
Batting: RHB Jason Penfield
|
0-0: Swinging Strike 0-1: Ground out 4-3 (Groundball, 4M, EV 106.9 MPH)
|
| Top of the 6th over - 0 runs, 0 hits, 0 errors, 0 left on base; Trois-Riveres 5 - Winnipeg 3 |
| BOTTOM OF THE 6TH |
|
Winnipeg Goldeyes batting - Pitching for Trois-Riveres Aigles : RHP Julian Black
|
|
Batting: LHB Kuemon Shishido
|
0-0: Foul Ball, location: 2F 0-1: Ball 1-1: Swinging Strike 1-2: Foul Ball, location: 2F 1-2: Foul Ball, location: 2F 1-2: Foul Ball, location: 2F 1-2: Fly out, F8 (Flyball, 89D, EV 95.0 MPH)
|
|
Batting: RHB Jeremy Witt
|
0-0: Swinging Strike 0-1: SINGLE (Line Drive, 4D, EV 99.4 MPH)
|
|
Batting: RHB Antonio Santos
|
0-0: Ball 1-0: Grounds into double play, 4-6-3 (Groundball, 13, EV 84.4 MPH)
|
| Bottom of the 6th over - 0 runs, 1 hit, 0 errors, 0 left on base; Trois-Riveres 5 - Winnipeg 3 |
| TOP OF THE 7TH |
|
Trois-Riveres Aigles batting - Pitching for Winnipeg Goldeyes : LHP Kevin Drew
|
|
Batting: RHB Josh Harmon
|
0-0: Ball 1-0: Ball 2-0: Called Strike 2-1: Called Strike 2-2: Strikes out looking
|
|
Batting: LHB Jonathan Spino
|
0-0: SINGLE (Line Drive, 7S, EV 106.9 MPH)
|
|
Batting: LHB Harris Vink
|
0-0: Called Strike 0-1: Foul Ball, location: 2F 0-2: Ball 1-2: Ball 2-2: Fly out, F3 (Popup, 3SF, EV 75.0 MPH)
|
|
Batting: RHB Jose Arriola
|
0-0: Ball Jonathan Spino steals 2nd base 1-0: Foul Ball, location: 2F 1-1: Foul Ball, location: 2F 1-2: Foul Ball, location: 2F 1-2: Ball 2-2: Foul Ball, location: 2F 2-2: Ball 3-2: Base on Balls
|
|
Batting: LHB Darryl Gonnella
|
0-0: Fly out, F9 (Flyball, 9LS, EV 94.4 MPH)
|
| Top of the 7th over - 0 runs, 1 hit, 0 errors, 2 left on base; Trois-Riveres 5 - Winnipeg 3 |
| BOTTOM OF THE 7TH |
|
Winnipeg Goldeyes batting - Pitching for Trois-Riveres Aigles : RHP Julian Black
|
|
Batting: RHB Ton van Dijk
|
0-0: Foul Ball, location: 2F 0-1: Foul Ball, location: 2F 0-2: Ground out 3-1 (Groundball, 34, EV 98.8 MPH)
|
|
Batting: RHB Ricky Pizarro
|
0-0: Swinging Strike 0-1: Ball 1-1: Swinging Strike 1-2: Ball 2-2: Strikes out swinging
|
|
Batting: RHB John Dew
|
0-0: Called Strike 0-1: Ball 1-1: Ball 2-1: Ball 3-1: Reached on error, E4 (Groundball, 4, EV 89.4 MPH)
|
|
Pitching: LHP Tim Pulliam
|
|
|
Batting: RHB David McClellan
|
0-0: Foul Ball, location: 2F 0-1: Swinging Strike 0-2: Foul Ball, location: 2F 0-2: Ball 1-2: SINGLE (Line Drive, 6MD, EV 97.5 MPH) John Dew to second John Dew to third
|
|
Batting: SHB Ian Thompson
|
0-0: Ball 1-0: Ball 2-0: Fly out, F7 (Line Drive, 7, EV 99.4 MPH)
|
| Bottom of the 7th over - 0 runs, 1 hit, 1 error, 2 left on base; Trois-Riveres 5 - Winnipeg 3 |
| TOP OF THE 8TH |
|
Trois-Riveres Aigles batting - Pitching for Winnipeg Goldeyes : LHP Kevin Drew
|
|
Pitching: RHP Scot Abbott
|
|
|
Pinch Hitting: LHB Oscar Curiel
|
0-0: Called Strike 0-1: Ball 1-1: Ball 2-1: Ground out 4-3 (Groundball, 4, EV 82.5 MPH)
|
|
Batting: SHB Joshua Jackson
|
0-0: Ball 1-0: Called Strike 1-1: Foul Ball, location: 2F 1-2: Strikes out swinging
|
|
Batting: RHB Nelle Lommen
|
0-0: Ground out 6-3 (Groundball, 6, EV 100.6 MPH)
|
| Top of the 8th over - 0 runs, 0 hits, 0 errors, 0 left on base; Trois-Riveres 5 - Winnipeg 3 |
| BOTTOM OF THE 8TH |
|
Winnipeg Goldeyes batting - Pitching for Trois-Riveres Aigles : LHP Tim Pulliam
|
|
Now at SS: Ryan Holzwart
|
|
|
Batting: LHB Marvin Shepherd
|
0-0: Called Strike 0-1: Foul Ball, location: 2F 0-2: Strikes out swinging
|
|
Batting: RHB Steve Raine
|
0-0: Called Strike 0-1: Foul Ball, location: 2F 0-2: Ball 1-2: Ball 2-2: Fly out, F8 (Flyball, 8LXD, EV 91.9 MPH)
|
|
Batting: RHB Jeremy Witt
|
0-0: Called Strike 0-1: Ball 1-1: Foul Ball, location: 2F 1-2: Foul Ball, location: 2F 1-2: Foul Ball, location: 2F 1-2: DOUBLE (Flyball, 89XD, EV 111.9 MPH)
|
|
Batting: RHB Antonio Santos
|
0-0: Foul Ball, location: 2F 0-1: Ball 1-1: Called Strike 1-2: Ground out 4-3 (Groundball, 4, EV 98.8 MPH)
|
| Bottom of the 8th over - 0 runs, 1 hit, 0 errors, 1 left on base; Trois-Riveres 5 - Winnipeg 3 |
| TOP OF THE 9TH |
|
Trois-Riveres Aigles batting - Pitching for Winnipeg Goldeyes : RHP Scot Abbott
|
|
Pinch Hitting: SHB Ray Luna
|
0-0: Called Strike 0-1: Ground out 4-3 (Groundball, 4MS, EV 81.9 MPH)
|
|
Batting: LHB Dave Northam
|
0-0: Hit by Pitch
|
|
Batting: LHB Jonathan Spino
|
0-0: Called Strike 0-1: Foul Ball, location: 2F 0-2: Strikes out swinging
|
|
Batting: LHB Harris Vink
|
0-0: Ball 1-0: Ball 2-0: Foul Ball, location: 2F 2-1: Ball 3-1: Foul Ball, location: 2F 3-2: Foul Ball, location: 2F 3-2: Foul Ball, location: 2F 3-2: Fly out, F5 (Popup, 5SF, EV 80.0 MPH)
|
| Top of the 9th over - 0 runs, 0 hits, 0 errors, 1 left on base; Trois-Riveres 5 - Winnipeg 3 |
| BOTTOM OF THE 9TH |
|
Winnipeg Goldeyes batting - Pitching for Trois-Riveres Aigles : LHP Tim Pulliam
|
|
Pitching: RHP Ricky Enriquez
|
|
|
Now at 3B: Dave Reynoso
|
|
|
Batting: RHB Ton van Dijk
|
0-0: Ball 1-0: Ball 2-0: Called Strike 2-1: Foul Ball, location: 2F 2-2: Foul Ball, location: 2F 2-2: Strikes out looking
|
|
Pinch Hitting: RHB Alexandre Garcia
|
0-0: Ball 1-0: Called Strike 1-1: DOUBLE (Line Drive, 9LM, EV 104.4 MPH)
|
|
Batting: RHB John Dew
|
0-0: Swinging Strike 0-1: Ball 1-1: Fly out, F7 (Flyball, 7S, EV 83.1 MPH)
|
|
Batting: RHB David McClellan
|
0-0: Ball 1-0: Ball 2-0: Ball 3-0: Base on Balls
|
|
Batting: SHB Ian Thompson
|
0-0: Ball 1-0: Called Strike 1-1: Ball 2-1: Called Strike 2-2: Ball 3-2: Ground out 4-3 (Groundball, 4M, EV 86.2 MPH)
|
| Bottom of the 9th over - 0 runs, 1 hit, 0 errors, 2 left on base; Trois-Riveres 5 - Winnipeg 3 |
|